 Dungeon Crawl Stone Soup version 0.29-a0-542-g075992c915 (webtiles) character file.

Game seed: 6035722047255096679

603 Pooter the Chopper (level 7, -3/93 HPs)
             Began as a Minotaur Berserker on June 5, 2022.
             Was a Priest of Trog.
             Slain by a gnoll
             ... wielding a +0 spear
             ... led by a gnoll shaman
              (6 damage)
             ... on level 5 of the Dungeon.
             The game lasted 00:17:29 (4057 turns).

Pooter the Chopper (Minotaur Berserker)             Turns: 4057, Time: 00:17:30

Health: -3/93      AC: 23    Str: 21    XL:     7   Next: 18%
Magic:  6/6        EV:  2    Int:  4    God:    Trog [***...]
Gold:   182        SH:  0    Dex: 12    Spells: 6/6 levels left

rFire   . . .      SeeInvis .   a - +0 halberd
rCold   . . .      Faith    .   (shield currently unavailable)
rNeg    . . .      Spirit   .   (body armour currently unavailable)
rPois   +          Reflect  .   (helmet currently unavailable)
rElec   .          Harm     .   (cloak currently unavailable)
rCorr   .          Rampage  .   (gloves currently unavailable)
Will    .....      NoTele   +   (boots currently unavailable)
Stlth   +.........              (no amulet)
HPRegen 0.25/turn               (no ring)
MPRegen 0.10/turn               (no ring)

@: tree-form, on berserk cooldown, slowed, very slow
A: stationary, stasis, torment immunity, boosted hp, (horns 2), (retaliatory
headbutt)
a: Renounce Religion, Berserk, Trog's Hand


You were on level 5 of the Dungeon.
You worshipped Trog.
Trog was most pleased with you.
You were a tree.
You visited 1 branch of the dungeon, and saw 5 of its levels.

You collected 182 gold pieces.

Inventory:

Hand Weapons
 a - a +0 halberd (weapon)
   (You took it off a gnoll on level 3 of the Dungeon)
 b - a +0 hunting sling
   (You found it on level 2 of the Dungeon)
 q - a +0 hand axe
 v - a +0 whip of flaming
   (You took it off a gnoll on level 3 of the Dungeon)
Missiles
 w - 3 throwing nets {!f}
 x - 2 poisoned darts
 Q - 160 stones (quivered)
Armour
 n - a +2 pair of gloves (melded)
   (You found it on level 2 of the Dungeon)
 z - a +0 ring mail (melded)
   (You found it on level 4 of the Dungeon)
Wands
 f - a wand of flame (10)
   (You found it on level 2 of the Dungeon)
Scrolls
 g - 2 scrolls of enchant weapon
 h - 4 scrolls of fog
 j - a scroll of enchant armour
 k - a scroll of brand weapon {unknown}
 s - a scroll of vulnerability {unknown}
 t - 4 scrolls of teleportation {@r4}
 y - a scroll of poison {!r}
Potions
 c - 3 potions of lignification {!q}
 d - a potion of brilliance {unknown}
 e - 4 potions of curing {@q1}
 i - a potion of ambrosia {unknown}
 l - a potion of heal wounds {unknown}
 m - a potion of mutation {unknown}
 o - 2 potions of attraction {unknown}
 p - a potion of berserk rage {unknown}
 r - a potion of experience {unknown}
 u - a potion of invisibility {unknown}
 A - a potion of haste {unknown}


   Skills:
 + Level 5.9 Fighting
 - Level 6.0(6.7) Axes
 * Level 4.5(6.0) Polearms
 - Level 2.4 Armour
 - Level 2.1 Dodging
 + Level 2.9 Evocations


You had 6 spell levels left.
You didn't know any spells.
Your spell library was empty.

Dungeon Overview and Level Annotations

Branches:
Dungeon (5/15)
 Temple: D:4-7

Altars:
Nemelex Xobeh


Innate Abilities, Weirdness & Mutations

You are a tree.
Your roots penetrate the ground, keeping you stationary.
You cannot be teleported.
You are immune to unholy pain and torment.
Your maximum health is greatly increased.
Your equipment is partially melded.
((You have a pair of horns on your head.))
((You reflexively headbutt those who attack you in melee.))


Message History

The hound bites you but does no damage.
The gnoll sergeant hits you but does no damage.
The gnoll hits you but does no damage. x2
You hit the gnoll but do no damage. The hound bites you.
* * * LOW HITPOINT WARNING * * *
The hound bites you but does no damage.
The gnoll sergeant hits you from afar with a +0 spear.
* * * LOW HITPOINT WARNING * * *
The gnoll hits you but does no damage. x2
The hound bites you but does no damage.
You hit the gnoll.
You kill the gnoll!
Trog accepts your kill. The hound bites you but does no damage.
The gnoll sergeant hits you but does no damage.
The gnoll hits you but does no damage. The hound bites you but does no damage.
The adder completely misses you.
The gnoll hits you but does no damage. x2
The gnoll sergeant barely misses you. The hound bites you but does no damage.
Unknown command.
You barely miss the adder. The adder completely misses you.
The hound bites you but does no damage.
The gnoll hits you from afar with a +0 spear.
* * * LOW HITPOINT WARNING * * *
The gnoll sergeant hits you but does no damage.
The gnoll hits you but does no damage. The adder bites you but does no damage.
The hound completely misses you.
The gnoll hits you but does no damage. x2
The gnoll sergeant hits you from afar with a +0 spear.
* * * LOW HITPOINT WARNING * * *
The adder bites you but does no damage.
You slash the hound!
You kill the hound!
Trog accepts your kill. The adder bites you but does no damage.
The gnoll hits you but does no damage.
The gnoll sergeant completely misses you.
The gnoll hits you from afar with a +0 spear.
* * * LOW HITPOINT WARNING * * *
The adder bites you but does no damage.
The gnoll sergeant hits you but does no damage.
The gnoll barely misses you. The gnoll hits you but does no damage.
You hit the adder. The adder bites you but does no damage.
The gnoll hits you but does no damage.
The gnoll sergeant hits you but does no damage.
The gnoll hits you but does no damage. The adder bites you but does no damage.
The gnoll sergeant hits you from afar with a +0 spear.
* * * LOW HITPOINT WARNING * * *
The gnoll hits you but does no damage. x2
You miss the adder.
The adder bites you but does no damage. x2
The gnoll completely misses you.
The gnoll hits you from afar with a +0 spear.
You die...

#.#.# ... ...........##
#.# #. #.#####.....
#..## ..#####.###. #...#
#.#.....# #. #...#
#.#.###.###. #
#...##.#.#.###.....
####.#g#.##....#.....#..
!....gS#.####.#.###.###.
#.gg)♣......#.##.## ##
#.####)######.###.###.
#.######.# ##.#.#
#........# ##.##
########## ###


You could see a gnoll sergeant, 3 gnolls and an adder.

Vanquished Creatures
  4 hounds
  2 gnoll shamans
  4 iguanas (D:5)
  20 gnolls
  6 adders
  2 ufetubi
  2 worms (D:4)
  A dart slug (D:4)
  An orc (D:3)
  10 ball pythons
  5 endoplasms
  2 giant cockroaches
  6 goblins
  3 hobgoblins
  2 jackals (D:3)
  5 quokkas
  4 bats
  3 frilled lizards
  4 kobolds
  5 rats
91 creatures vanquished.

Notes
Turn   | Place    | Note
-------+----------+-------------------------------------------
     0 | D:1      | Pooter the Minotaur Berserker began the quest for the Orb.
     0 | D:1      | Reached XP level 1. HP: 19/19 MP: 0/0
   188 | D:1      | Reached skill level 4 in Axes
   342 | D:1      | Reached XP level 2. HP: 27/27 MP: 1/1
   357 | D:1      | Found a faded altar of an unknown god.
  1020 | D:2      | Reached ** piety under Trog
  1047 | D:2      | Reached XP level 3. HP: 33/33 MP: 2/2
  1293 | D:2      | Reached skill level 5 in Axes
  1706 | D:3      | Reached XP level 4. HP: 41/41 MP: 3/3
  1826 | D:3      | Reached skill level 1 in Evocations
  2302 | D:3      | Reached XP level 5. HP: 47/47 MP: 4/4
  2619 | D:4      | Reached skill level 6 in Axes
  2714 | D:4      | Reached skill level 5 in Fighting
  2714 | D:4      | Reached skill level 1 in Polearms
  2946 | D:4      | Reached *** piety under Trog
  3167 | D:4      | Reached XP level 6. HP: 49/56 MP: 5/5
  3487 | D:5      | Entered Level 5 of the Dungeon
  3654 | D:5      | Found a sparkling altar of Nemelex Xobeh.
  4035 | D:5      | Reached XP level 7. HP: 49/62 MP: 6/6
  4056 | D:5      | HP: 3/93 [gnoll sergeant/+0 spear (4)]
  4057 | D:5      | Slain by a gnoll

Illustrated notes

Levels and vault maps discovered:
D:1:      grunt_arrival_lava_bath, layout_rooms,
          hellmonk_ecumenical_altar_leap_of_faith
D:2:      layout_basic, nrook_mini_vaults, minmay_misc_feat_more_columns,
          fountainhead, kennysheep_minor_cross
D:3:      layout_loops_corners, minmay_strange_pillars
D:4:      layout_loops_ring
D:5:      layout_loops_ring, nemelex_diamond_rough_becter

Skill      XL: |  1  2  3  4  5  6 |
---------------+-------------------+-----
Axes           | 4 5 6 |  6.0
Fighting       | 4 5 |  5.9
Evocations     | 1 2 |  2.9
Polearms       | 2 4 |  4.5
Armour         | |  2.4
Dodging        | |  2.1

Action                   |  1- 3 |  4- 6 |  7- 9 || total
-------------------------+-------+-------+-------++-------
Melee: Hand axe          |    46 |     2 |       ||    48
       Headbutt          |     4 |    12 |     4 ||    20
       Punch             |     1 |       |       ||     1
       Whip              |       |    30 |       ||    30
       Halberd           |       |    77 |    18 ||    95
 Fire: Hunting sling     |    26 |    54 |       ||    80
Throw: Stone             |    11 |     5 |       ||    16
Invok: Berserk           |     1 |     3 |       ||     4
Evoke: Wand              |     3 |       |       ||     3
  Use: Scroll            |     3 |     4 |     1 ||     8
       Potion            |       |       |     2 ||     2
 Stab: Sleeping          |       |     1 |       ||     1
Armor: Animal skin       |    11 |    10 |       ||    21
       Ring mail         |       |    10 |    11 ||    21
       Skin              |       |       |    55 ||    55
Dodge: Dodged            |    32 |    61 |    27 ||   120

Table legend: (Time is in decaauts)
 A = Elapsed time spent in this place.
 B = Non-inter-level travel time spent in this place.
 C = Inter-level travel time spent in this place.
 D = Time resting spent in this place.
 E = Time spent auto-exploring this place.
 F = Levels seen in this place.
 G = Mean time per level.
                   A        B        C        D        E       F      G
               +--------+--------+--------+--------+--------+-----+--------+
         Total |   4127 |   4051 |     76 |    389 |   2952 |   5 |  825.4 |
       Dungeon |   4127 |   4051 |     76 |    389 |   2952 |   5 |  825.4 |
               +--------+--------+--------+--------+--------+-----+--------+

Top non-repeatable levels by time:
     D:3: 1138 daAuts
     D:4: 902 daAuts
     D:1: 796 daAuts
     D:2: 705 daAuts
     D:5: 584 daAuts
